| TOP OF THE 1ST |
|
Tidewater Tides batting - Pitching for Rochester Red Wings : LHP Alex Gonzales
|
|
Pitching: LHP Alex Gonzales
|
|
|
Batting: RHB Juan Garcia
|
0-0: Ball 1-0: Ground out 3-1 (Groundball, 3D, EV 107.5 MPH)
|
|
Batting: RHB German Rivera
|
0-0: Ball 1-0: Foul Ball, location: 2F 1-1: Ball 2-1: Ball 3-1: Base on Balls
|
|
Batting: RHB Brad Komminsk
|
0-0: Ball 1-0: Ball 2-0: Ball 3-0: Called Strike 3-1: Base on Balls German Rivera to second
|
|
Batting: RHB George Gomez
|
0-0: Ball 1-0: Ball 2-0: Called Strike 2-1: Foul Ball, location: 2F 2-2: Strikes out swinging
|
|
Batting: RHB Mike Rex
|
0-0: Fly out, F9 (Line Drive, 9D, EV 91.9 MPH)
|
| Top of the 1st over - 0 runs, 0 hits, 0 errors, 2 left on base; Tidewater 0 - Rochester 0 |
| BOTTOM OF THE 1ST |
|
Rochester Red Wings batting - Pitching for Tidewater Tides : RHP Oscar Brito
|
|
Pitching: RHP Oscar Brito
|
|
|
Batting: RHB Jerry Dybzinski
|
0-0: Foul Ball, location: 2F 0-1: Foul Ball, location: 2F 0-2: Ball 1-2: Ball 2-2: Ball 3-2: Foul Ball, location: 2F 3-2: Base on Balls
|
|
Batting: LHB Ed Amelung
|
0-0: Fly out, F8 (Flyball, 78D, EV 80.0 MPH)
|
|
Batting: SHB Jordan Ayala
|
0-0: Called Strike 0-1: Ball 1-1: Fly out, F8 (Line Drive, 8RM, EV 97.5 MPH)
|
|
Batting: RHB Gerry Davis
|
0-0: Called Strike 0-1: Swinging Strike 0-2: Ball 1-2: Strikes out swinging
|
| Bottom of the 1st over - 0 runs, 0 hits, 0 errors, 1 left on base; Tidewater 0 - Rochester 0 |
| TOP OF THE 2ND |
|
Tidewater Tides batting - Pitching for Rochester Red Wings : LHP Alex Gonzales
|
|
Batting: RHB Thomas Walker
|
0-0: Ball 1-0: SINGLE (Flyball, 8RS, EV 88.8 MPH)
|
|
Batting: RHB Wayne Wilkerson
|
0-0: Ball 1-0: Swinging Strike 1-1: Called Strike 1-2: Ball 2-2: Foul Ball, location: 2F 2-2: Ground out 3-1 (Groundball, 34S, EV 94.4 MPH) Thomas Walker to second
|
|
Batting: SHB Julio Valdez
|
0-0: Called Strike 0-1: Called Strike 0-2: Ground out 4-3 (Groundball, 4, EV 103.1 MPH) Thomas Walker to third
|
|
Batting: RHB Steve Liddle
|
0-0: SINGLE (Line Drive, 78M, EV 106.3 MPH) Thomas Walker scores
|
|
Batting: RHB Juan Garcia
|
0-0: Swinging Strike 0-1: Ball 1-1: Foul Ball, location: 2F 1-2: Ball 2-2: Ball 3-2: Base on Balls Steve Liddle to second
|
|
Batting: RHB German Rivera
|
0-0: Foul Ball, location: 2F 0-1: Ball 1-1: Ball 2-1: Fly out, F8 (Line Drive, 8LD, EV 95.0 MPH)
|
| Top of the 2nd over - 1 run, 2 hits, 0 errors, 2 left on base; Tidewater 1 - Rochester 0 |
| BOTTOM OF THE 2ND |
|
Rochester Red Wings batting - Pitching for Tidewater Tides : RHP Oscar Brito
|
|
Batting: RHB Pat Casey
|
0-0: Fly out, F6 (Popup, 56, EV 61.9 MPH)
|
|
Batting: RHB Chris Johnston
|
0-0: Ball 1-0: Called Strike 1-1: Ball 2-1: Foul Ball, location: 2F 2-2: Foul Ball, location: 2F 2-2: Foul Ball, location: 2F 2-2: Ball 3-2: Foul Ball, location: 2F 3-2: Base on Balls
|
|
Batting: LHB Dave Falcone
|
0-0: Ball 1-0: Called Strike 1-1: Fly out, F8 (Flyball, 8LM, EV 94.4 MPH)
|
|
Batting: RHB Tom Brookens
|
0-0: Ground out 2-3 (Groundball, 15S, EV 65.0 MPH)
|
| Bottom of the 2nd over - 0 runs, 0 hits, 0 errors, 1 left on base; Tidewater 1 - Rochester 0 |
| TOP OF THE 3RD |
|
Tidewater Tides batting - Pitching for Rochester Red Wings : LHP Alex Gonzales
|
|
Batting: RHB Brad Komminsk
|
0-0: Ball 1-0: Foul Ball, location: 2F 1-1: Ball 2-1: Called Strike 2-2: Foul Ball, location: 2F 2-2: Ball 3-2: Ground out U3 (Groundball, 3L, EV 83.1 MPH)
|
|
Batting: RHB George Gomez
|
0-0: Called Strike 0-1: Foul Ball, location: 2F 0-2: Foul Ball, location: 2F 0-2: Strikes out looking
|
|
Batting: RHB Mike Rex
|
0-0: Called Strike 0-1: Called Strike 0-2: Ground out U3 (Groundball, 3, EV 100.6 MPH)
|
| Top of the 3rd over - 0 runs, 0 hits, 0 errors, 0 left on base; Tidewater 1 - Rochester 0 |
| BOTTOM OF THE 3RD |
|
Rochester Red Wings batting - Pitching for Tidewater Tides : RHP Oscar Brito
|
|
Batting: RHB Johnnie LeMaster
|
0-0: Ball 1-0: Swinging Strike 1-1: Foul Ball, location: 2F 1-2: Strikes out swinging
|
|
Batting: RHB Jerry Dybzinski
|
0-0: Ball 1-0: Ground out 4-3 (Groundball, 4S, EV 82.5 MPH)
|
|
Batting: LHB Ed Amelung
|
0-0: Ball 1-0: SINGLE (Line Drive, 8RS, EV 89.4 MPH)
|
|
Batting: SHB Jordan Ayala
|
0-0: Called Strike Ed Amelung steals 2nd base 0-1: Swinging Strike 0-2: Ball 1-2: SINGLE (Line Drive, 9LM, EV 93.8 MPH) Ed Amelung to third Runner from 3rd tries for Home, SAFE, throw by RF to home
|
|
Batting: RHB Gerry Davis
|
0-0: Called Strike Jordan Ayala steals 2nd base (no throw) 0-1: Foul Ball, location: 2F 0-2: Foul Ball, location: 2F 0-2: Fly out, F8 (Flyball, 8RD, EV 98.1 MPH)
|
| Bottom of the 3rd over - 1 run, 2 hits, 0 errors, 1 left on base; Tidewater 1 - Rochester 1 |
| TOP OF THE 4TH |
|
Tidewater Tides batting - Pitching for Rochester Red Wings : LHP Alex Gonzales
|
|
Batting: RHB Thomas Walker
|
0-0: Ball 1-0: Ball 2-0: Ball 3-0: Called Strike 3-1: Base on Balls
|
|
Batting: RHB Wayne Wilkerson
|
0-0: Ball 1-0: Ball 2-0: Fly out, F9 (Flyball, 9, EV 88.8 MPH)
|
|
Batting: SHB Julio Valdez
|
0-0: Grounds into double play, 4-6-3 (Groundball, 4, EV 89.4 MPH)
|
| Top of the 4th over - 0 runs, 0 hits, 0 errors, 0 left on base; Tidewater 1 - Rochester 1 |
| BOTTOM OF THE 4TH |
|
Rochester Red Wings batting - Pitching for Tidewater Tides : RHP Oscar Brito
|
|
Batting: RHB Pat Casey
|
0-0: Ball 1-0: Ball 2-0: Called Strike 2-1: Foul Ball, location: 2F 2-2: SINGLE (Line Drive, 6D, EV 97.5 MPH)
|
|
Batting: RHB Chris Johnston
|
0-0: Ball Pat Casey steals 2nd base 1-0: Called Strike 1-1: Fly out, F7 (Flyball, 7D, EV 98.1 MPH)
|
|
Batting: LHB Dave Falcone
|
0-0: Called Strike 0-1: Ground out 5-3 (Groundball, 56, EV 81.3 MPH)
|
|
Batting: RHB Tom Brookens
|
0-0: Ball 1-0: Called Strike 1-1: DOUBLE (Line Drive, 9LM, EV 101.3 MPH) Pat Casey scores
|
|
Batting: RHB Johnnie LeMaster
|
0-0: Called Strike 0-1: Ball 1-1: Foul Ball, location: 2F 1-2: Ball 2-2: Fly out, F4 (Flyball, 34D, EV 91.9 MPH)
|
| Bottom of the 4th over - 1 run, 2 hits, 0 errors, 1 left on base; Tidewater 1 - Rochester 2 |
| TOP OF THE 5TH |
|
Tidewater Tides batting - Pitching for Rochester Red Wings : LHP Alex Gonzales
|
|
Batting: RHB Steve Liddle
|
0-0: Swinging Strike 0-1: Foul Ball, location: 2F 0-2: Fly out, F7 (Flyball, 78M, EV 88.8 MPH)
|
|
Batting: RHB Juan Garcia
|
0-0: Called Strike 0-1: Ball 1-1: Ground out 6-3 (Groundball, 6, EV 85.0 MPH)
|
|
Batting: RHB German Rivera
|
0-0: SINGLE (Groundball, 34S, EV 79.4 MPH) (infield hit)
|
|
Batting: RHB Brad Komminsk
|
0-0: Ball 1-0: Foul Ball, location: 2F 1-1: Foul Ball, location: 2F 1-2: Foul Ball, location: 2F 1-2: Foul Ball, location: 2F 1-2: Foul Ball, location: 2F 1-2: Fly out, F9 (Flyball, 89S, EV 88.1 MPH)
|
| Top of the 5th over - 0 runs, 1 hit, 0 errors, 1 left on base; Tidewater 1 - Rochester 2 |
| BOTTOM OF THE 5TH |
|
Rochester Red Wings batting - Pitching for Tidewater Tides : RHP Oscar Brito
|
|
Batting: RHB Jerry Dybzinski
|
0-0: Called Strike 0-1: Fly out, F7 (Flyball, 7D, EV 80.6 MPH)
|
|
Batting: LHB Ed Amelung
|
0-0: Ball 1-0: Called Strike 1-1: Ground out U3 (Groundball, 3, EV 86.3 MPH)
|
|
Batting: SHB Jordan Ayala
|
0-0: Foul Ball, location: 2F 0-1: Ground out U3 (Groundball, 3, EV 84.4 MPH)
|
| Bottom of the 5th over - 0 runs, 0 hits, 0 errors, 0 left on base; Tidewater 1 - Rochester 2 |
| TOP OF THE 6TH |
|
Tidewater Tides batting - Pitching for Rochester Red Wings : LHP Alex Gonzales
|
|
Batting: RHB George Gomez
|
0-0: Called Strike 0-1: Called Strike 0-2: Ball 1-2: Foul Ball, location: 2F 1-2: Strikes out swinging
|
|
Batting: RHB Mike Rex
|
0-0: Fly out, F6 (Popup, 6M, EV 65.0 MPH)
|
|
Batting: RHB Thomas Walker
|
0-0: Ball 1-0: Foul Ball, location: 2F 1-1: Ball 2-1: Ball 3-1: Called Strike 3-2: Strikes out swinging, 2-3 out at first.
|
| Top of the 6th over - 0 runs, 0 hits, 0 errors, 0 left on base; Tidewater 1 - Rochester 2 |
| BOTTOM OF THE 6TH |
|
Rochester Red Wings batting - Pitching for Tidewater Tides : RHP Oscar Brito
|
|
Batting: RHB Gerry Davis
|
0-0: Ground out 1-3 (Groundball, 15, EV 65.6 MPH)
|
|
Batting: RHB Pat Casey
|
0-0: Ball 1-0: Foul Ball, location: 2F 1-1: Ball 2-1: DOUBLE (Groundball, 5L, EV 100.6 MPH)
|
|
Batting: RHB Chris Johnston
|
0-0: Foul Ball, location: 2F 0-1: Ball 1-1: Foul Ball, location: 2F 1-2: Strikes out looking
|
|
Batting: LHB Dave Falcone
|
0-0: Intentional Walk
|
|
Batting: RHB Tom Brookens
|
0-0: Ball 1-0: Ball 2-0: Called Strike 2-1: Fielders Choice at 2nd, 6-4 (Groundball, 6, EV 85.0 MPH)
|
| Bottom of the 6th over - 0 runs, 1 hit, 0 errors, 2 left on base; Tidewater 1 - Rochester 2 |
| TOP OF THE 7TH |
|
Tidewater Tides batting - Pitching for Rochester Red Wings : LHP Alex Gonzales
|
|
Batting: RHB Wayne Wilkerson
|
0-0: Foul Ball, location: 2F 0-1: Ball 1-1: Ball 2-1: Ball 3-1: Ground out 4-3 (Groundball, 34, EV 105.6 MPH)
|
|
Batting: SHB Julio Valdez
|
0-0: Called Strike 0-1: Foul Ball, location: 2F 0-2: Foul Ball, location: 2F 0-2: Fly out, F5 (Line Drive, 5, EV 75.6 MPH)
|
|
Batting: RHB Steve Liddle
|
0-0: Ball 1-0: Called Strike 1-1: Ball 2-1: Ball 3-1: Base on Balls
|
|
Batting: RHB Juan Garcia
|
0-0: Called Strike 0-1: Ball 1-1: Foul Ball, location: 2F 1-2: Ball 2-2: Foul Ball, location: 2F 2-2: Ball 3-2: SINGLE (Line Drive, 9S, EV 85.0 MPH) Steve Liddle to second Steve Liddle to third
|
|
Batting: RHB German Rivera
|
0-0: Called Strike 0-1: Ball 1-1: Swinging Strike 1-2: Strikes out swinging
|
| Top of the 7th over - 0 runs, 1 hit, 0 errors, 2 left on base; Tidewater 1 - Rochester 2 |
| BOTTOM OF THE 7TH |
|
Rochester Red Wings batting - Pitching for Tidewater Tides : RHP Oscar Brito
|
|
Batting: RHB Johnnie LeMaster
|
0-0: Ball 1-0: Swinging Strike 1-1: SINGLE (Line Drive, 9LS, EV 112.5 MPH)
|
|
Batting: RHB Jerry Dybzinski
|
0-0: Called Strike Johnnie LeMaster steals 2nd base 0-1: Bunt missed! 0-2: SINGLE (Groundball, 4MD, EV 105.6 MPH) Johnnie LeMaster to third Runner from 3rd tries for Home, SAFE, throw by CF to home
|
|
Batting: LHB Ed Amelung
|
0-0: Ball 1-0: Foul Ball, location: 2F 1-1: Ball 2-1: Called Strike Jerry Dybzinski steals 2nd base (no throw) 2-2: Ground out U3 (Groundball, 3, EV 103.8 MPH) Jerry Dybzinski to third
|
|
Batting: SHB Jordan Ayala
|
0-0: Intentional Walk
|
|
Batting: RHB Gerry Davis
|
0-0: Called Strike Jordan Ayala steals 2nd base 0-1: Swinging Strike 0-2: Foul Ball, location: 2F 0-2: Ball 1-2: Foul Ball, location: 2F 1-2: Fly out, F9 (Flyball, 89D, EV 101.9 MPH) Runner from 3rd tags up, SCORES, throw by RF
|
|
Batting: RHB Pat Casey
|
0-0: Intentional Walk
|
|
Batting: RHB Chris Johnston
|
0-0: Ball 1-0: Ball 2-0: Swinging Strike 2-1: 3-RUN HOME RUN (Flyball, 7LD, EV 95.6 MPH), Distance : 351 ft
|
|
Pitching: RHP Richard Dierker
|
|
|
Batting: LHB Dave Falcone
|
0-0: Swinging Strike 0-1: Swinging Strike 0-2: Strikes out swinging
|
| Bottom of the 7th over - 5 runs, 3 hits, 0 errors, 0 left on base; Tidewater 1 - Rochester 7 |
| TOP OF THE 8TH |
|
Tidewater Tides batting - Pitching for Rochester Red Wings : LHP Alex Gonzales
|
|
Batting: RHB Brad Komminsk
|
0-0: Called Strike 0-1: Reached on error, E5 (Groundball, 56S, EV 91.9 MPH)
|
|
Batting: RHB George Gomez
|
0-0: Called Strike 0-1: Grounds into double play, 4-6-3 (Groundball, 4, EV 106.3 MPH)
|
|
Batting: RHB Mike Rex
|
0-0: Foul Ball, location: 2F 0-1: Foul Ball, location: 2F 0-2: Ball 1-2: Ball 2-2: Ball 3-2: Foul Ball, location: 2F 3-2: SINGLE (Groundball, 6MD, EV 95.0 MPH)
|
|
Pitching: LHP Mac Scarce
|
|
|
Batting: RHB Thomas Walker
|
0-0: Called Strike 0-1: Ball 1-1: Called Strike 1-2: Fly out, F9 (Flyball, 89D, EV 100.0 MPH)
|
| Top of the 8th over - 0 runs, 1 hit, 1 error, 1 left on base; Tidewater 1 - Rochester 7 |
| BOTTOM OF THE 8TH |
|
Rochester Red Wings batting - Pitching for Tidewater Tides : RHP Richard Dierker
|
|
Batting: RHB Tom Brookens
|
0-0: Fly out, F7 (Line Drive, 7, EV 107.5 MPH)
|
|
Batting: RHB Johnnie LeMaster
|
0-0: Ball 1-0: Ground out 4-3 (Groundball, 4, EV 81.9 MPH)
|
|
Batting: RHB Jerry Dybzinski
|
0-0: Ball 1-0: Ball 2-0: Ball 3-0: Called Strike 3-1: Foul Ball, location: 2F 3-2: Ground out 5-3 (Groundball, 56S, EV 78.1 MPH)
|
| Bottom of the 8th over - 0 runs, 0 hits, 0 errors, 0 left on base; Tidewater 1 - Rochester 7 |
| TOP OF THE 9TH |
|
Tidewater Tides batting - Pitching for Rochester Red Wings : LHP Mac Scarce
|
|
Batting: RHB Wayne Wilkerson
|
0-0: Ball 1-0: Ball 2-0: Ball 3-0: Called Strike 3-1: Foul Ball, location: 2F 3-2: Foul Ball, location: 2F 3-2: Ground out 4-3 (Groundball, 4, EV 102.5 MPH)
|
|
Batting: SHB Julio Valdez
|
0-0: Foul Ball, location: 2F 0-1: Foul Ball, location: 2F 0-2: Fly out, F9 (Line Drive, 9D, EV 90.0 MPH)
|
|
Batting: RHB Steve Liddle
|
0-0: Swinging Strike 0-1: Ball 1-1: Ball 2-1: Called Strike 2-2: Fly out, F7 (Flyball, 78S, EV 83.8 MPH)
|
| Top of the 9th over - 0 runs, 0 hits, 0 errors, 0 left on base; Tidewater 1 - Rochester 7 |
|